Canucks vs Senators

Created - February 18 2007 at 12:36

Goals
1 2 3 T
Canucks 0 2 2 4
Senators 1 1 0 2
Shots
1 2 3 T
Canucks 12 6 14 32
Senators 11 12 10 33

Period #1

1. Senators , Jason Spezza 25 (Dany Heatley, Chris Kelly) at 3:35

Penalities :
Dany Heatley (OTT) for Roughing (Minor) at 1:31, Jason Spezza (OTT) for Checking from behind (Major) at 4:17, Willie Mitchell (VAN) for Interference (Minor) at 11:25, Anton Volchenkov (OTT) for High sticking (Minor) at 13:27, Anton Volchenkov (OTT) for Hooking (Minor) at 15:29

Period #2

2. Canucks , Brendan Morrison 16 (Jiri Fischer, Mark Bell) at 12:31
3. Canucks , Anson Carter 7 (Brendan Morrison) at 13:36
4. Senators , Peter Schaefer 18 (Tom Preissing, Patrick Eaves) at 16:18

Penalities :
Jiri Fischer (VAN) for Hooking (Minor) at 4:03, Nick Boynton (VAN) for Charging (Minor) at 9:34, Andrej Meszaros (OTT) for Charging (Minor) at 13:37, Dan Boyle (OTT) for Slashing (Minor) at 18:33

Period #3

5. Canucks , Mark Bell 8 (Anson Carter) at 16:42
6. Canucks , Anson Carter 8 (Willie Mitchell, Brendan Morrison) at 19:23 (Empty Net)

Penalities :
Jay Bouwmeester (OTT) for High sticking (Double Minor) at 4:22, Mattias Ohlund (VAN) for High sticking (Double Minor) at 4:22, Anton Volchenkov (OTT) for Checking from behind (Major) at 8:22, Dan Boyle (OTT) for High sticking (Minor) at 14:02

Goalie Stats

Mika Noronen (VAN), 31 saves from 33 shots - (0.939), W, 6-11-3, 60:00 minutes
Ray Emery (OTT), 28 saves from 31 shots - (0.903), L, 10-6-0, 60:00 minutes

Players Stats

Canucks
Player Name              G  A  P  +/- PIM S  H  SB FO MP 
-----------------------------------------------------------
Alexei Kovalev           0  0  0   0  0   1  0  0  11 22 
Anson Carter             2  1  3   4  0   5  1  0  2  21 
Brendan Morrison         1  2  3   4  0   10 0  0  27 24 
Bryan Smolinski          0  0  0  -1  0   1  0  0  9  15 
Eric Weinrich            0  0  0  -1  0   0  0  2  0  21 
Jan Bulis                0  0  0   0  0   1  1  0  2  18 
Jiri Fischer             0  1  1   4  2   1  1  2  0  23 
Lukas Krajicek           0  0  0  -1  0   0  1  4  0  22 
Marc Chouinard           0  0  0  -1  0   1  0  0  8  8  
Mark Bell                1  1  2   4  0   2  0  0  5  21 
Matt Cooke               0  0  0  -1  0   1  1  0  1  10 
Mattias Ohlund           0  0  0  -1  4   0  2  1  0  23 
Nick Boynton             0  0  0  -1  2   1  0  1  0  12 
Oleg Kvasha              0  0  0  -2  0   2  0  0  1  16 
Saku Koivu               0  0  0   0  0   4  0  0  18 22 
Sami Salo                0  0  0   0  0   0  0  0  0  0  
Trevor Linden            0  0  0  -1  0   1  0  0  1  7  
Willie Mitchell          0  1  1   4  2   1  0  3  0  23 
Senators
Player Name              G  A  P  +/- PIM S  H  SB FO MP 
-----------------------------------------------------------
Andrej Meszaros          0  0  0  -1  2   0  1  1  0  19 
Antoine Vermette         0  0  0   0  0   4  1  0  22 15 
Anton Volchenkov         0  0  0  -2  9   0  1  1  0  11 
Brent Seabrook           0  0  0   1  0   0  0  0  0  7  
Chris Kelly              0  1  1  -2  0   0  0  0  12 14 
Chris Neil               0  0  0   1  0   0  1  0  0  5  
Chris Phillips           0  0  0  -1  0   0  1  1  0  19 
Dan Boyle                0  0  0   0  4   4  0  0  0  21 
Dany Heatley             0  1  1   0  2   9  0  0  19 23 
Jason Spezza             1  0  1   0  5   4  0  1  19 22 
Jay Bouwmeester          0  0  0   0  4   1  0  3  0  22 
Joe Corvo                0  0  0   1  0   2  0  0  0  13 
Joffrey Lupul            0  0  0  -1  0   1  0  0  5  21 
Mike Cammalleri          0  0  0   0  0   1  0  1  1  15 
Mike Fisher              0  0  0  -1  0   1  0  1  7  20 
Patrick Eaves            0  1  1  -2  0   0  0  0  0  11 
Peter Schaefer           1  0  1  -1  0   6  1  1  0  22 
Tom Preissing            0  1  1  -2  0   0  0  0  0  14 

3 Stars

1 - Anson Carter (VAN)
2 - Brendan Morrison (VAN)
3 - Mark Bell (VAN)

Power Play

Canucks - 0 on 7 Attempt(s) - 0.00%
Senators - 0 on 4 Attempt(s) - 0.00%

Penalty Kill

Canucks - 4 on 4 Attempt(s) - 100.00% - Score 0 goal in Penalty Kill
Senators - 7 on 7 Attempt(s) - 100.00% - Score 0 goal in Penalty Kill

Game Notes

Anson Carter has scored in a empty net!

Finance

Level 1 -- Attendance: 5671 (94.52%) -- Ticket Income $510,390.00
Level 2 -- Attendance: 4863 (92.63%) -- Ticket Income $243,150.00
Level 3 -- Attendance: 1804 (80.19%) -- Ticket Income $63,140.00
Level 4 -- Attendance: 3733 (93.33%) -- Ticket Income $74,660.00
Luxury Box -- Attendance: 961 (96.08%) -- Ticket Income $168,175.00
Game was played at the Corel Centre
Total Attendance: 17032 (92.06%)
Total Ticket Income: $1,077,204.00
Other Income: $46,686.30
Total Income: $1,123,890.00


Play by Play

Period #1

0:01 of 1st period - Antoine Vermette wins face-off versus Saku Koivu in neutral zone.
0:06 of 1st period - Shot by Mike Fisher.
0:06 of 1st period - Stopped by Mika Noronen without a rebound.
0:07 of 1st period - Jason Spezza wins face-off versus Brendan Morrison in Canucks zone.
0:12 of 1st period - Shot by Dany Heatley.
0:12 of 1st period - Stopped by Mika Noronen with a rebound.
0:17 of 1st period - Shot by Anson Carter.
0:17 of 1st period - Shot Misses the Net.
0:22 of 1st period - Shot by Mark Bell.
0:22 of 1st period - Stopped by Ray Emery with a rebound.
0:23 of 1st period - Shot by Jiri Fischer.
0:23 of 1st period - Stopped by Ray Emery without a rebound.
0:24 of 1st period - Antoine Vermette wins face-off versus Saku Koivu in Senators zone.
0:41 of 1st period - Shot by Jan Bulis.
0:41 of 1st period - Shot Misses the Net.
1:01 of 1st period - Saku Koivu is hit by Antoine Vermette and loses puck.
1:31 of 1st period - Shot by Brendan Morrison.
1:31 of 1st period - Stopped by Ray Emery without a rebound.
1:31 of 1st period - Minor Penalty to Dany Heatley for Roughing.
1:32 of 1st period - Joffrey Lupul wins face-off versus Anson Carter in Senators zone.
1:33 of 1st period - Joffrey Lupul wins face-off versus Brendan Morrison in Senators zone.
3:14 of 1st period - Shot by Anson Carter.
3:14 of 1st period - Shot Misses the Net.
3:15 of 1st period - Shot by Willie Mitchell.
3:15 of 1st period - Shot Misses the Net.
3:34 of 1st period - Shot by Chris Kelly.
3:34 of 1st period - Shot Hit the Post.
3:35 of 1st period - Shot by Dany Heatley.
3:35 of 1st period - Goal by Jason Spezza - Canucks : 0 - Senators : 1.
3:36 of 1st period - Chris Kelly wins face-off versus Marc Chouinard in neutral zone.
3:55 of 1st period - Shot by Patrick Eaves.
3:55 of 1st period - Shot Misses the Net.
4:01 of 1st period - Icing by Mattias Ohlund.
4:02 of 1st period - Jason Spezza wins face-off versus Marc Chouinard in Canucks zone.
4:14 of 1st period - Lukas Krajicek is hit by Chris Neil and loses puck.
4:17 of 1st period - Major Penalty to Jason Spezza for Checking from behind.
4:18 of 1st period - Saku Koivu wins face-off versus Dany Heatley in Senators zone.
4:19 of 1st period - Shot by Alexei Kovalev.
4:19 of 1st period - Shot Blocked by Jay Bouwmeester.
4:20 of 1st period - Shot by Nick Boynton.
4:20 of 1st period - Stopped by Ray Emery without a rebound.
4:21 of 1st period - Dany Heatley wins face-off versus Brendan Morrison in Senators zone.
5:21 of 1st period - Icing by Saku Koivu.
5:22 of 1st period - Dany Heatley wins face-off versus Saku Koivu in Canucks zone.
5:28 of 1st period - Icing by Eric Weinrich.
5:29 of 1st period - Dany Heatley wins face-off versus Saku Koivu in Canucks zone.
6:08 of 1st period - Shot by Brendan Morrison.
6:08 of 1st period - Stopped by Ray Emery without a rebound.
6:09 of 1st period - Brendan Morrison wins face-off versus Mike Fisher in Senators zone.
8:38 of 1st period - Shot by Mark Bell.
8:38 of 1st period - Shot Misses the Net.
8:39 of 1st period - Shot by Willie Mitchell.
8:39 of 1st period - Stopped by Ray Emery without a rebound.
8:40 of 1st period - Saku Koivu wins face-off versus Mike Fisher in Senators zone.
8:59 of 1st period - Shot by Saku Koivu.
8:59 of 1st period - Stopped by Ray Emery without a rebound.
9:00 of 1st period - Brendan Morrison wins face-off versus Chris Kelly in Senators zone.
9:25 of 1st period - Shot by Peter Schaefer.
9:25 of 1st period - Stopped by Mika Noronen without a rebound.
9:26 of 1st period - Jason Spezza wins face-off versus Bryan Smolinski in Canucks zone.
9:27 of 1st period - Shot by Dany Heatley.
9:27 of 1st period - Stopped by Mika Noronen without a rebound.
9:28 of 1st period - Jason Spezza wins face-off versus Marc Chouinard in Canucks zone.
9:37 of 1st period - Shot by Jason Spezza.
9:37 of 1st period - Shot Blocked by Lukas Krajicek.
9:46 of 1st period - Shot by Marc Chouinard.
9:46 of 1st period - Stopped by Ray Emery without a rebound.
9:47 of 1st period - Bryan Smolinski wins face-off versus Chris Kelly in Senators zone.
9:50 of 1st period - Shot by Oleg Kvasha.
9:50 of 1st period - Stopped by Ray Emery without a rebound.
9:51 of 1st period - Bryan Smolinski wins face-off versus Antoine Vermette in Senators zone.
10:04 of 1st period - Shot by Oleg Kvasha.
10:04 of 1st period - Shot Blocked by Jay Bouwmeester.
10:05 of 1st period - Shot by Nick Boynton.
10:05 of 1st period - Shot Blocked by Jay Bouwmeester.
10:40 of 1st period - Shot by Anson Carter.
10:40 of 1st period - Stopped by Ray Emery without a rebound.
10:41 of 1st period - Saku Koivu wins face-off versus Chris Kelly in Senators zone.
11:02 of 1st period - Shot by Peter Schaefer.
11:02 of 1st period - Stopped by Mika Noronen without a rebound.
11:03 of 1st period - Jason Spezza wins face-off versus Brendan Morrison in Canucks zone.
11:25 of 1st period - Minor Penalty to Willie Mitchell for Interference.
11:26 of 1st period - Antoine Vermette wins face-off versus Alexei Kovalev in Canucks zone.
12:35 of 1st period - Shot by Dany Heatley.
12:35 of 1st period - Stopped by Mika Noronen without a rebound.
12:36 of 1st period - Alexei Kovalev wins face-off versus Jason Spezza in Canucks zone.
12:59 of 1st period - Shot by Jason Spezza.
12:59 of 1st period - Shot Misses the Net.
13:25 of 1st period - Icing by Andrej Meszaros.
13:26 of 1st period - Marc Chouinard wins face-off versus Chris Kelly in Senators zone.
13:26 of 1st period - Oleg Kvasha is hit by Anton Volchenkov and loses puck.
13:27 of 1st period - Minor Penalty to Anton Volchenkov for High sticking.
13:28 of 1st period - Mike Fisher wins face-off versus Brendan Morrison in Senators zone.
13:41 of 1st period - Shot by Anson Carter.
13:41 of 1st period - Shot Misses the Net.
13:44 of 1st period - Shot by Brendan Morrison.
13:44 of 1st period - Stopped by Ray Emery with a rebound.
13:49 of 1st period - Shot by Brendan Morrison.
13:49 of 1st period - Stopped by Ray Emery without a rebound.
13:50 of 1st period - Dany Heatley wins face-off versus Saku Koivu in Senators zone.
15:15 of 1st period - Shot by Saku Koivu.
15:15 of 1st period - Shot Misses the Net.
15:29 of 1st period - Minor Penalty to Anton Volchenkov for Hooking.
15:30 of 1st period - Joffrey Lupul wins face-off versus Mark Bell in neutral zone.
15:56 of 1st period - Jason Spezza is hit by Lukas Krajicek and loses puck.
17:47 of 1st period - Patrick Eaves is hit by Matt Cooke and loses puck.
17:51 of 1st period - Shot by Peter Schaefer.
17:51 of 1st period - Shot Misses the Net.
17:52 of 1st period - Shot by Tom Preissing.
17:52 of 1st period - Shot Blocked by Nick Boynton.
17:55 of 1st period - Shot by Peter Schaefer.
17:55 of 1st period - Stopped by Mika Noronen without a rebound.
17:56 of 1st period - Antoine Vermette wins face-off versus Marc Chouinard in Canucks zone.
18:05 of 1st period - Shot by Antoine Vermette.
18:05 of 1st period - Shot Misses the Net.
18:08 of 1st period - Shot by Mike Fisher.
18:08 of 1st period - Shot Blocked by Eric Weinrich.
18:09 of 1st period - Shot by Dan Boyle.
18:09 of 1st period - Stopped by Mika Noronen with a rebound.
18:48 of 1st period - Shot by Dany Heatley.
18:48 of 1st period - Stopped by Mika Noronen without a rebound.
18:49 of 1st period - Chris Kelly wins face-off versus Brendan Morrison in Canucks zone.
18:56 of 1st period - Shot by Chris Kelly.
18:56 of 1st period - Shot Misses the Net.
18:57 of 1st period - Shot by Peter Schaefer.
18:57 of 1st period - Stopped by Mika Noronen with a rebound.
19:04 of 1st period - Shot by Patrick Eaves.
19:04 of 1st period - Shot Misses the Net.
19:17 of 1st period - Shot by Chris Kelly.
19:17 of 1st period - Shot Blocked by Willie Mitchell.
19:20 of 1st period - Shot by Patrick Eaves.
19:20 of 1st period - Shot Misses the Net.
19:35 of 1st period - Shot by Jason Spezza.
19:35 of 1st period - Shot Misses the Net.

Period #2

0:01 of 2nd period - Antoine Vermette wins face-off versus Saku Koivu in neutral zone.
2:04 of 2nd period - Shot by Jason Spezza.
2:04 of 2nd period - Stopped by Mika Noronen without a rebound.
2:05 of 2nd period - Marc Chouinard wins face-off versus Chris Kelly in Canucks zone.
3:22 of 2nd period - Shot by Anson Carter.
3:22 of 2nd period - Stopped by Ray Emery without a rebound.
3:23 of 2nd period - Jason Spezza wins face-off versus Brendan Morrison in Senators zone.
3:27 of 2nd period - Andrej Meszaros is hit by Anson Carter and loses puck.
3:43 of 2nd period - Shot by Jason Spezza.
3:43 of 2nd period - Shot Misses the Net.
3:44 of 2nd period - Shot by Chris Phillips.
3:44 of 2nd period - Shot Misses the Net.
3:49 of 2nd period - Shot by Dany Heatley.
3:49 of 2nd period - Stopped by Mika Noronen with a rebound.
4:03 of 2nd period - Minor Penalty to Jiri Fischer for Hooking.
4:04 of 2nd period - Alexei Kovalev wins face-off versus Antoine Vermette in Canucks zone.
4:59 of 2nd period - Shot by Mike Fisher.
4:59 of 2nd period - Shot Misses the Net.
5:00 of 2nd period - Shot by Dan Boyle.
5:00 of 2nd period - Stopped by Mika Noronen without a rebound.
5:01 of 2nd period - Jason Spezza wins face-off versus Alexei Kovalev in Canucks zone.
5:45 of 2nd period - Icing by Andrej Meszaros.
5:46 of 2nd period - Antoine Vermette wins face-off versus Brendan Morrison in Senators zone.
5:57 of 2nd period - Shot by Peter Schaefer.
5:57 of 2nd period - Shot Blocked by Willie Mitchell.
6:51 of 2nd period - Icing by Willie Mitchell.
6:52 of 2nd period - Jason Spezza wins face-off versus Brendan Morrison in Canucks zone.
6:53 of 2nd period - Shot by Dany Heatley.
6:53 of 2nd period - Stopped by Mika Noronen without a rebound.
6:54 of 2nd period - Antoine Vermette wins face-off versus Brendan Morrison in Canucks zone.
6:56 of 2nd period - Mike Fisher is hit by Jiri Fischer and loses puck.
7:22 of 2nd period - Shot by Mike Fisher.
7:22 of 2nd period - Shot Misses the Net.
7:23 of 2nd period - Shot by Mike Cammalleri.
7:23 of 2nd period - Shot Blocked by Jiri Fischer.
7:24 of 2nd period - Shot by Dan Boyle.
7:24 of 2nd period - Stopped by Mika Noronen without a rebound.
7:25 of 2nd period - Dany Heatley wins face-off versus Saku Koivu in Canucks zone.
7:25 of 2nd period - Jason Spezza is hit by Mattias Ohlund and loses puck.
7:33 of 2nd period - Shot by Chris Neil.
7:33 of 2nd period - Shot Misses the Net.
7:34 of 2nd period - Shot by Brent Seabrook.
7:34 of 2nd period - Shot Blocked by Mattias Ohlund.
7:37 of 2nd period - Shot by Dany Heatley.
7:37 of 2nd period - Stopped by Mika Noronen without a rebound.
7:38 of 2nd period - Bryan Smolinski wins face-off versus Jason Spezza in Canucks zone.
7:40 of 2nd period - Matt Cooke is hit by Chris Phillips and loses puck.
7:48 of 2nd period - Shot by Oleg Kvasha.
7:48 of 2nd period - Shot Misses the Net.
7:53 of 2nd period - Shot by Matt Cooke.
7:53 of 2nd period - Shot Blocked by Chris Phillips.
7:54 of 2nd period - Shot by Bryan Smolinski.
7:54 of 2nd period - Stopped by Ray Emery without a rebound.
7:55 of 2nd period - Antoine Vermette wins face-off versus Saku Koivu in Senators zone.
8:24 of 2nd period - Shot by Mike Fisher.
8:24 of 2nd period - Stopped by Mika Noronen without a rebound.
8:25 of 2nd period - Brendan Morrison wins face-off versus Jason Spezza in Canucks zone.
8:34 of 2nd period - Shot by Dany Heatley.
8:34 of 2nd period - Shot Blocked by Willie Mitchell.
9:34 of 2nd period - Minor Penalty to Nick Boynton for Charging.
9:35 of 2nd period - Alexei Kovalev wins face-off versus Antoine Vermette in neutral zone.
9:44 of 2nd period - Shot by Mike Cammalleri.
9:44 of 2nd period - Shot Blocked by Eric Weinrich.
10:38 of 2nd period - Off-side.
10:39 of 2nd period - Brendan Morrison wins face-off versus Antoine Vermette in neutral zone.
12:28 of 2nd period - Shot by Mark Bell.
12:28 of 2nd period - Shot Blocked by Mike Fisher.
12:31 of 2nd period - Shot by Brendan Morrison.
12:31 of 2nd period - Goal by Brendan Morrison - Canucks : 1 - Senators : 1.
12:32 of 2nd period - Bryan Smolinski wins face-off versus Antoine Vermette in neutral zone.
12:51 of 2nd period - Shot by Oleg Kvasha.
12:51 of 2nd period - Stopped by Ray Emery with a rebound.
13:00 of 2nd period - Shot by Mike Cammalleri.
13:00 of 2nd period - Shot Misses the Net.
13:01 of 2nd period - Shot by Dan Boyle.
13:01 of 2nd period - Stopped by Mika Noronen with a rebound.
13:34 of 2nd period - Shot by Saku Koivu.
13:34 of 2nd period - Stopped by Ray Emery without a rebound.
13:35 of 2nd period - Brendan Morrison wins face-off versus Jason Spezza in Senators zone.
13:36 of 2nd period - Shot by Anson Carter.
13:36 of 2nd period - Goal by Anson Carter - Canucks : 2 - Senators : 1.
13:37 of 2nd period - Brendan Morrison wins face-off versus Jason Spezza in neutral zone.
13:37 of 2nd period - Minor Penalty to Andrej Meszaros for Charging.
13:38 of 2nd period - Brendan Morrison wins face-off versus Dany Heatley in neutral zone.
14:57 of 2nd period - Shot by Saku Koivu.
14:57 of 2nd period - Shot Misses the Net.
15:00 of 2nd period - Shot by Alexei Kovalev.
15:00 of 2nd period - Shot Misses the Net.
15:42 of 2nd period - Chris Kelly is hit by Mattias Ohlund and loses puck.
16:12 of 2nd period - Shot by Chris Kelly.
16:12 of 2nd period - Shot Misses the Net.
16:15 of 2nd period - Shot by Patrick Eaves.
16:15 of 2nd period - Shot Misses the Net.
16:18 of 2nd period - Shot by Peter Schaefer.
16:18 of 2nd period - Goal by Peter Schaefer - Canucks : 2 - Senators : 2.
16:19 of 2nd period - Jason Spezza wins face-off versus Bryan Smolinski in neutral zone.
16:28 of 2nd period - Shot by Jason Spezza.
16:28 of 2nd period - Shot Misses the Net.
16:33 of 2nd period - Shot by Dany Heatley.
16:33 of 2nd period - Stopped by Mika Noronen without a rebound.
16:34 of 2nd period - Antoine Vermette wins face-off versus Alexei Kovalev in Canucks zone.
16:51 of 2nd period - Shot by Antoine Vermette.
16:51 of 2nd period - Stopped by Mika Noronen without a rebound.
16:52 of 2nd period - Brendan Morrison wins face-off versus Joffrey Lupul in Canucks zone.
17:00 of 2nd period - Icing by Willie Mitchell.
17:01 of 2nd period - Chris Kelly wins face-off versus Anson Carter in Canucks zone.
17:16 of 2nd period - Shot by Patrick Eaves.
17:16 of 2nd period - Shot Misses the Net.
17:21 of 2nd period - Shot by Chris Kelly.
17:21 of 2nd period - Shot Blocked by Jiri Fischer.
17:30 of 2nd period - Shot by Peter Schaefer.
17:30 of 2nd period - Stopped by Mika Noronen without a rebound.
17:31 of 2nd period - Bryan Smolinski wins face-off versus Jason Spezza in Canucks zone.
18:33 of 2nd period - Minor Penalty to Dan Boyle for Slashing.
18:34 of 2nd period - Mike Fisher wins face-off versus Brendan Morrison in Canucks zone.
19:04 of 2nd period - Anson Carter is hit by Peter Schaefer and loses puck.
19:15 of 2nd period - Icing by Eric Weinrich.
19:16 of 2nd period - Dany Heatley wins face-off versus Saku Koivu in Canucks zone.
19:27 of 2nd period - Shot by Mattias Ohlund.
19:27 of 2nd period - Shot Misses the Net.
19:42 of 2nd period - Shot by Alexei Kovalev.
19:42 of 2nd period - Shot Misses the Net.

Period #3

0:01 of 3rd period - Dany Heatley wins face-off versus Saku Koivu in neutral zone.
0:12 of 3rd period - Shot by Saku Koivu.
0:12 of 3rd period - Stopped by Ray Emery without a rebound.
0:13 of 3rd period - Mark Bell wins face-off versus Dany Heatley in Senators zone.
0:29 of 3rd period - Icing by Willie Mitchell.
0:30 of 3rd period - Mike Fisher wins face-off versus Brendan Morrison in Canucks zone.
1:13 of 3rd period - Shot by Patrick Eaves.
1:13 of 3rd period - Shot Misses the Net.
1:14 of 3rd period - Shot by Tom Preissing.
1:14 of 3rd period - Shot Misses the Net.
2:40 of 3rd period - Off-side.
2:41 of 3rd period - Oleg Kvasha wins face-off versus Jason Spezza in neutral zone.
2:43 of 3rd period - Matt Cooke is hit by Andrej Meszaros and loses puck.
3:12 of 3rd period - Icing by Eric Weinrich.
3:13 of 3rd period - Jason Spezza wins face-off versus Bryan Smolinski in Canucks zone.
3:40 of 3rd period - Shot by Jason Spezza.
3:40 of 3rd period - Stopped by Mika Noronen without a rebound.
3:41 of 3rd period - Saku Koivu wins face-off versus Antoine Vermette in Canucks zone.
3:43 of 3rd period - Icing by Lukas Krajicek.
3:44 of 3rd period - Antoine Vermette wins face-off versus Saku Koivu in Canucks zone.
4:22 of 3rd period - Double Minor Penalty to Jay Bouwmeester for High sticking.
4:22 of 3rd period - Double Minor Penalty to Mattias Ohlund for High sticking.
4:23 of 3rd period - Brendan Morrison wins face-off versus Antoine Vermette in Senators zone.
4:36 of 3rd period - Shot by Brendan Morrison.
4:36 of 3rd period - Stopped by Ray Emery without a rebound.
4:37 of 3rd period - Dany Heatley wins face-off versus Brendan Morrison in Senators zone.
4:42 of 3rd period - Shot by Brendan Morrison.
4:42 of 3rd period - Stopped by Ray Emery without a rebound.
4:43 of 3rd period - Brendan Morrison wins face-off versus Dany Heatley in Senators zone.
4:46 of 3rd period - Shot by Brendan Morrison.
4:46 of 3rd period - Stopped by Ray Emery without a rebound.
4:47 of 3rd period - Dany Heatley wins face-off versus Alexei Kovalev in Senators zone.
6:20 of 3rd period - Shot by Dany Heatley.
6:20 of 3rd period - Stopped by Mika Noronen with a rebound.
6:21 of 3rd period - Shot by Joe Corvo.
6:21 of 3rd period - Shot Misses the Net.
6:22 of 3rd period - Shot by Joe Corvo.
6:22 of 3rd period - Shot Misses the Net.
6:23 of 3rd period - Shot by Joe Corvo.
6:23 of 3rd period - Stopped by Mika Noronen with a rebound.
6:24 of 3rd period - Shot by Joe Corvo.
6:24 of 3rd period - Shot Misses the Net.
6:25 of 3rd period - Shot by Peter Schaefer.
6:25 of 3rd period - Shot Misses the Net.
6:26 of 3rd period - Shot by Joe Corvo.
6:26 of 3rd period - Stopped by Mika Noronen without a rebound.
6:27 of 3rd period - Dany Heatley wins face-off versus Alexei Kovalev in Canucks zone.
6:32 of 3rd period - Shot by Dany Heatley.
6:32 of 3rd period - Stopped by Mika Noronen with a rebound.
6:33 of 3rd period - Shot by Dany Heatley.
6:33 of 3rd period - Stopped by Mika Noronen without a rebound.
6:34 of 3rd period - Alexei Kovalev wins face-off versus Dany Heatley in Canucks zone.
6:40 of 3rd period - Icing by Saku Koivu.
6:41 of 3rd period - Antoine Vermette wins face-off versus Alexei Kovalev in Canucks zone.
6:46 of 3rd period - Shot by Antoine Vermette.
6:46 of 3rd period - Stopped by Mika Noronen without a rebound.
6:47 of 3rd period - Antoine Vermette wins face-off versus Alexei Kovalev in Canucks zone.
6:54 of 3rd period - Shot by Joffrey Lupul.
6:54 of 3rd period - Shot Blocked by Lukas Krajicek.
7:29 of 3rd period - Shot by Bryan Smolinski.
7:29 of 3rd period - Shot Misses the Net.
7:34 of 3rd period - Shot by Bryan Smolinski.
7:34 of 3rd period - Shot Blocked by Mike Cammalleri.
7:45 of 3rd period - Shot by Jiri Fischer.
7:45 of 3rd period - Shot Misses the Net.
7:48 of 3rd period - Shot by Brendan Morrison.
7:48 of 3rd period - Stopped by Ray Emery without a rebound.
7:49 of 3rd period - Jan Bulis wins face-off versus Dany Heatley in Senators zone.
7:50 of 3rd period - Shot by Brendan Morrison.
7:50 of 3rd period - Stopped by Ray Emery with a rebound.
7:52 of 3rd period - Icing by Peter Schaefer.
7:53 of 3rd period - Jan Bulis wins face-off versus Dany Heatley in Senators zone.
7:56 of 3rd period - Shot by Saku Koivu.
7:56 of 3rd period - Shot Misses the Net.
8:22 of 3rd period - Major Penalty to Anton Volchenkov for Checking from behind.
8:23 of 3rd period - Brendan Morrison wins face-off versus Dany Heatley in Senators zone.
8:52 of 3rd period - Shot by Brendan Morrison.
8:52 of 3rd period - Shot Misses the Net.
9:49 of 3rd period - Shot by Jan Bulis.
9:49 of 3rd period - Stopped by Ray Emery without a rebound.
9:50 of 3rd period - Dany Heatley wins face-off versus Saku Koivu in Senators zone.
12:49 of 3rd period - Shot by Saku Koivu.
12:49 of 3rd period - Stopped by Ray Emery without a rebound.
12:50 of 3rd period - Brendan Morrison wins face-off versus Mike Fisher in Senators zone.
13:41 of 3rd period - Shot by Patrick Eaves.
13:41 of 3rd period - Shot Blocked by Lukas Krajicek.
13:46 of 3rd period - Shot by Lukas Krajicek.
13:46 of 3rd period - Shot Blocked by Peter Schaefer.
13:57 of 3rd period - Shot by Peter Schaefer.
13:57 of 3rd period - Shot Misses the Net.
13:59 of 3rd period - Icing by Mattias Ohlund.
14:00 of 3rd period - Antoine Vermette wins face-off versus Marc Chouinard in Canucks zone.
14:02 of 3rd period - Minor Penalty to Dan Boyle for High sticking.
14:03 of 3rd period - Saku Koivu wins face-off versus Joffrey Lupul in Canucks zone.
14:20 of 3rd period - Shot by Jan Bulis.
14:20 of 3rd period - Shot Blocked by Andrej Meszaros.
14:21 of 3rd period - Shot by Jan Bulis.
14:21 of 3rd period - Shot Blocked by Jason Spezza.
14:26 of 3rd period - Shot by Saku Koivu.
14:26 of 3rd period - Stopped by Ray Emery with a rebound.
15:07 of 3rd period - Shot by Mark Bell.
15:07 of 3rd period - Shot Misses the Net.
15:08 of 3rd period - Shot by Nick Boynton.
15:08 of 3rd period - Shot Misses the Net.
15:13 of 3rd period - Shot by Anson Carter.
15:13 of 3rd period - Stopped by Ray Emery with a rebound.
15:21 of 3rd period - Icing by Jiri Fischer.
15:22 of 3rd period - Mike Fisher wins face-off versus Brendan Morrison in Canucks zone.
16:04 of 3rd period - Icing by Trevor Linden.
16:05 of 3rd period - Chris Kelly wins face-off versus Marc Chouinard in Canucks zone.
16:24 of 3rd period - Shot by Oleg Kvasha.
16:24 of 3rd period - Stopped by Ray Emery without a rebound.
16:25 of 3rd period - Antoine Vermette wins face-off versus Bryan Smolinski in Senators zone.
16:32 of 3rd period - Shot by Matt Cooke.
16:32 of 3rd period - Shot Misses the Net.
16:35 of 3rd period - Shot by Matt Cooke.
16:35 of 3rd period - Stopped by Ray Emery without a rebound.
16:36 of 3rd period - Mark Bell wins face-off versus Chris Kelly in Senators zone.
16:41 of 3rd period - Shot by Anson Carter.
16:41 of 3rd period - Shot Misses the Net.
16:42 of 3rd period - Shot by Mark Bell.
16:42 of 3rd period - Goal by Mark Bell - Canucks : 3 - Senators : 2.
16:43 of 3rd period - Jason Spezza wins face-off versus Brendan Morrison in neutral zone.
18:02 of 3rd period - Shot by Peter Schaefer.
18:02 of 3rd period - Shot Misses the Net.
18:04 of 3rd period - Icing by Lukas Krajicek.
18:05 of 3rd period - Antoine Vermette wins face-off versus Saku Koivu in Canucks zone.
18:05 of 3rd period - Jay Bouwmeester is hit by Jan Bulis and loses puck.
18:07 of 3rd period - Shot by Mike Fisher.
18:07 of 3rd period - Shot Misses the Net.
18:24 of 3rd period - Shot by Mike Fisher.
18:24 of 3rd period - Shot Misses the Net.
18:25 of 3rd period - Shot by Dan Boyle.
18:25 of 3rd period - Shot Blocked by Lukas Krajicek.
18:28 of 3rd period - Shot by Antoine Vermette.
18:28 of 3rd period - Stopped by Mika Noronen with a rebound.
18:29 of 3rd period - Shot by Mike Cammalleri.
18:29 of 3rd period - Stopped by Mika Noronen without a rebound.
18:30 of 3rd period - Matt Cooke wins face-off versus Jason Spezza in Canucks zone.
19:01 of 3rd period - Senators,Ray Emery is pulled from the net.
19:08 of 3rd period - Off-side.
19:09 of 3rd period - Mark Bell wins face-off versus Chris Kelly in neutral zone.
19:20 of 3rd period - Shot by Brendan Morrison.
19:20 of 3rd period - Shot Blocked by Anton Volchenkov.
19:23 of 3rd period - Shot by Anson Carter.
19:23 of 3rd period - Goal by Anson Carter - Canucks : 4 - Senators : 2.
19:23 of 3rd period - Ray Emery from Senators was sent back in the game.
19:24 of 3rd period - Mike Cammalleri wins face-off versus Mark Bell in neutral zone.
19:35 of 3rd period - Shot by Antoine Vermette.
19:35 of 3rd period - Shot Misses the Net.
19:36 of 3rd period - Shot by Jay Bouwmeester.
19:36 of 3rd period - Shot Misses the Net.
19:37 of 3rd period - Shot by Jay Bouwmeester.
19:37 of 3rd period - Stopped by Mika Noronen without a rebound.
19:38 of 3rd period - Chris Kelly wins face-off versus Trevor Linden in Canucks zone.


Output by the SimonT Hockey Simulator (STHS) for Stephane Roy -- Original Page W3C XHTML 1.0 Valid